 Dungeon Crawl Stone Soup version 0.28.0-53-g5a82cb258f (webtiles) character file.

Game seed: 11643005704489365499

97 blackman the Slasher (level 5, 40/41 HPs)
             Began as a Human Abyssal Knight on Feb 9, 2022.
             Was a Believer of Lugonu.
             Quit the game on level 3 of the Dungeon on June 13, 2022.
             The game lasted 00:07:53 (2063 turns).

blackman the Slasher (Human Abyssal Knight)         Turns: 2063, Time: 00:07:54

Health: 40/41      AC:  6    Str: 16    XL:     5   Next: 0%
Magic:  6/6        EV: 10    Int: 10    God:    Lugonu [**....]
Gold:   77         SH:  0    Dex: 13    Spells: 4/4 levels left

rFire   . . .      SeeInvis .   l - +1 dagger (venom) {short}
rCold   . . .      Faith    .   (no shield)
rNeg    . . .      Spirit   .   j - +0 ring mail
rPois   .          Reflect  .   (no helmet)
rElec   .          Harm     .   (no cloak)
rCorr   .          Rampage  .   (no gloves)
Will    .....                   m - +0 pair of boots
Stlth   +.........              (no amulet)
HPRegen 0.13/turn               (no ring)
MPRegen 0.10/turn               (no ring)

@: no status effects
A: no striking features
a: Renounce Religion, Depart the Abyss, Bend Space


You were on level 3 of the Dungeon.
You worshipped Lugonu.
Lugonu was pleased with you.
You visited 1 branch of the dungeon, and saw 3 of its levels.
You visited the Abyss 1 time.

You collected 77 gold pieces.


   Skills:
 - Level 3.0 Fighting
 + Level 4.7 Long Blades
 - Level 2.0 Armour
 - Level 1.0 Dodging
 - Level 2.0 Invocations


You had 4 spell levels left.
You didn't know any spells.
Your spell library contained the following spells:

 Spells                   Type           Power      Damage    Failure   Level
 Freeze                   Ice            0%         1d3       56%         1
 Frozen Ramparts          Ice            0%         1d2       91%         3
 Gell's Gravitas          Tloc           0%         N/A       91%         3
 Lesser Beckoning         Tloc           0%         N/A       91%         3
 Teleport Other           Tloc           0%         N/A       91%         3
 Hailstorm                Conj/Ice       0%         3d3       100%        4

Inventory:

Hand Weapons
 a - a +1 falchion {long}
 h - a +1 dagger of holy wrath {short}
   (You took it off a kobold on level 1 of the Dungeon)
 l - a +1 dagger of venom (weapon) {short}
   (You found it on level 1 of the Dungeon)
Missiles
 f - 7 silver boomerangs {throwing}
 i - 74 stones {throwing}
 k - 16 arrows
 q - 22 bolts
Armour
 b - a +0 leather armour
 j - a +0 ring mail (worn)
   (You found it on level 1 of the Dungeon)
 m - a +0 pair of boots (worn)
   (You found it on level 1 of the Dungeon)
Wands
 o - a wand of flame (21)
   (You found it on level 2 of the Dungeon)
Scrolls
 c - 3 scrolls of blinking {unknown}
 e - 4 scrolls of teleportation {unknown}
 n - 3 scrolls of identify {unknown}
Potions
 d - 2 potions of flight {unknown}
 g - 2 potions of might {unknown}
 p - a potion of degeneration {unknown}

Dungeon Overview and Level Annotations

Branches:
Dungeon (3/15)

Altars:

##########
.........#
..).....[#
.........#
.........#
.........#
.......@.#######
....###........#####
. #........'...#
#........###.#
#........###.####
#........'.#....#
#.....#########.#
#....##.....###.#
#....#.......#..##


There were no monsters in sight!


Message History

a +0 robe; a +0 dagger of holy wrath {short}; an orc skeleton 😎 HP[+1]
Your hp is fully restored (35).
Key pressed, stopping explore.
A ball python comes into view.
The ball python hisses angrily.
A ball python is nearby!
You hit the ball python.
You kill the ball python!
Lugonu accepts your kill.
No target in view!
No target in view!
No target in view!
No target in view!
No target in view!
No target in view!
No target in view!
No target in view!
No target in view!
No target in view!
No target in view!
You open the door.
An endoplasm comes into view.
The endoplasm quivers.
An endoplasm is nearby!
An endoplasm is nearby!
An endoplasm is nearby!
You hit the endoplasm but do no damage. The endoplasm closely misses you.
You hit the endoplasm but do no damage. The endoplasm freezes you.
You are frozen. 😕 HP[-3]
You take 3 damage, and now have 32/35 hp.
You hit the endoplasm.
The endoplasm hits you but does no damage.
You hit the endoplasm.
You kill the endoplasm!
Lugonu accepts your kill.
No target in view!
No target in view!
No target in view!
No target in view!
No target in view!
No target in view!
No target in view!
No target in view!
No target in view!
No target in view!
No target in view!
No target in view!
No target in view!
No target in view!
No target in view!
No target in view!
No target in view!
Key pressed, stopping explore.
You open the door.
Key pressed, stopping explore.
You open the door.
There is an open door here.
Key pressed, stopping explore.
Key pressed, stopping explore.
i - 74 stones {throwing} (gained 22)
You now have 77 gold pieces (gained 4).
There is a stone staircase leading up here.
A bat comes into view. 😎 HP[+3]
Your hp is fully restored (35).
The bat hits you. 😕 HP[-1]
You take 1 damage, and now have 34/35 hp.
The bat hits you but does no damage.
You hit the bat.
The bat is poisoned.
The bat misses you.
You kill the bat!
Lugonu accepts your kill.
You have reached level 5! 😕 HP[+6] MP[+1]
You now have 41 max hp (+6).
You regained 6 hp, and now have 40/41 hp.
Your mp is fully restored (6).
Saving game... please wait. 🤖 Initializing magus.rc ...
Options error: Delay interrupt name "hungry" not recognised. (~/.crawlrc:4785) Options error: Bad monster_list_colour key: strict_neutral (~/.crawlrc:4800) ✅ Successfully initialized magus.rc [v1.9.6] Welcome back, blackman the Human Abyssal Knight.
Lugonu says: Spread carnage and corruption!
Press ? for a list of commands and other information.
Are you sure you want to abandon this character and quit the game? (Confirm with "yes".)
Okay, then.
Unknown command.
Saving game... please wait. 🤖 Initializing magus.rc ...
Options error: Delay interrupt name "hungry" not recognised. (~/.crawlrc:4785) Options error: Bad monster_list_colour key: strict_neutral (~/.crawlrc:4800) ✅ Successfully initialized magus.rc [v1.9.6] Welcome back, blackman the Human Abyssal Knight.
Lugonu says: Spread carnage and corruption!
Press ? for a list of commands and other information.
Are you sure you want to abandon this character and quit the game? (Confirm with "yes".)

Skill      XL: |  1  2  3 |
---------------+----------+-----
Long Blades    | 3 4 |  4.7
Fighting       | |  3.0
Armour         | |  2.0
Dodging        | |  1.0
Invocations    | |  2.0

Action                   |  1- 3 |  4- 6 || total
-------------------------+-------+-------++-------
Melee: Falchion          |     9 |       ||     9
       Dagger            |    84 |    34 ||   118
Invok: Depart the Abyss  |     1 |       ||     1
       Bend Space        |       |     1 ||     1
Armor: Leather armour    |     2 |       ||     2
       Ring mail         |    44 |    34 ||    78
Dodge: Dodged            |    61 |    35 ||    96

Levels and vault maps discovered:
D:1:      dpeg_arrival_boxes_within_box, layout_basic
D:2:      layout_rooms, nicolae_ecumenical_pavilion, uniq_crazy_yiuf_cottage
D:3:      layout_basic, grunt_ministairs_10

Notes
Turn   | Place    | Note
-------+----------+-------------------------------------------
     0 | Abyss:1  | blackman the Human Abyssal Knight began the quest for the
                  | Orb.
     0 | Abyss:1  | Reached XP level 1. HP: 18/18 MP: 2/2
     0 | Abyss:1  | magus.rc [v1.9.6]
    68 | Abyss:1  | Noticed an iron imp
    69 | D:1      | You pass through the gate.
    69 | D:1      | Escaped the Abyss
   176 | D:1      | Reached XP level 2. HP: 24/24 MP: 3/3
   384 | D:1      | Reached * piety under Lugonu
   432 | D:1      | Reached skill level 3 in Long Blades
   834 | D:1      | You pick up a book of Displacement and begin reading...
   834 | D:1      | You add the spells Lesser Beckoning, Gell's Gravitas and
                  | Teleport Other to your library.
   883 | D:2      | Found a faded altar of an unknown god.
   894 | D:2      | Reached XP level 3. HP: 26/29 MP: 4/4
  1182 | D:2      | You pick up a book of Frost and begin reading...
  1182 | D:2      | You add the spells Freeze, Frozen Ramparts and Hailstorm to
                  | your library.
  1298 | D:2      | Reached skill level 4 in Long Blades
  1298 | D:2      | Reached XP level 4. HP: 35/35 MP: 5/5
  1480 | D:3      | Reached ** piety under Lugonu
  2063 | D:3      | Reached XP level 5. HP: 40/41 MP: 6/6
  2063 | D:3      | magus.rc [v1.9.6]
  2063 | D:3      | Upgraded the game from 0.28.0 to 0.28.0-53-g5a82cb258f
  2063 | D:3      | magus.rc [v1.9.6]
  2063 | D:3      | Quit the game

Vanquished Creatures
  An orc wizard (D:3)
  2 adders (D:2)
  A dart slug (D:1)
  3 orcs
  9 bats
  6 endoplasms
  A giant cockroach (D:3)
  3 goblins (D:2)
  2 hobgoblins
  6 jackals
  A quokka (D:2)
  3 ball pythons
  A frilled lizard (D:2)
  5 kobolds
  5 rats
49 creatures vanquished.

Table legend:
 A = Non-vault XP
 B = Vault XP
 C = Vault XP percentage of total XP
 D = Non-vault monster count
 E = Vault monster count
 F = Vault count percentage of total count
                 A         B        C        D         E       F
            +---------+---------+-------+---------+---------+-------
      Total |     135 |       4 |   2.9 |      47 |       2 |   4.1
            +---------+---------+-------+---------+---------+-------
        D:1 |      28 |       0 |   0.0 |      15 |       0 |   0.0
        D:2 |      60 |       4 |   6.2 |      24 |       2 |   7.7
        D:3 |      47 |       0 |   0.0 |       8 |       0 |   0.0
            +---------+---------+-------+---------+---------+-------

Illustrated notes

Table legend:
 A = Kills in this place as a percentage of kills in entire the game.
 B = Kills by you in this place as a percentage of kills by you in the entire game.
 C = Kills by friends in this place as a percentage of kills by friends in the entire game.
 D = Other kills in this place as a percentage of other kills in the entire game.
 E = Experience gained in this place as a percentage of experience gained in the entire game.
 F = Experience gained in this place divided by the number of levels of this place that you have seen.
                   A       B       C       D       E      F
               +-------+-------+-------+-------+-------+----------------------
         Total | 100.0 | 100.0 |   N/A |   N/A | 100.0 |  34.8
       Dungeon | 100.0 | 100.0 |   N/A |   N/A | 100.0 |  46.3
               +-------+-------+-------+-------+-------+----------------------

Table legend: (Time is in decaauts)
 A = Elapsed time spent in this place.
 B = Non-inter-level travel time spent in this place.
 C = Inter-level travel time spent in this place.
 D = Time resting spent in this place.
 E = Time spent auto-exploring this place.
 F = Levels seen in this place.
 G = Mean time per level.
                   A        B        C        D        E       F      G
               +--------+--------+--------+--------+--------+-----+--------+
         Total |   2053 |   2000 |     53 |    308 |   1379 |   4 |  513.2 |
       Dungeon |   1984 |   1931 |     53 |    308 |   1312 |   3 |  661.3 |
         Abyss |     69 |     69 |      0 |      0 |     67 |   1 |   69.0 |
               +--------+--------+--------+--------+--------+-----+--------+

Top non-repeatable levels by time:
     D:2: 912 daAuts
     D:1: 811 daAuts
     D:3: 260 daAuts
 Abyss:1: 69 daAuts
